 Dungeon Crawl Stone Soup version 0.31-a0-819-gf6de2f5ab6 (webtiles) character file.

Game seed: 3890359443165605129

98 qw the Shooter (level 4, -1/28 HPs)
             Began as a Gargoyle Hunter on Sept 23, 2023.
             Slain by an orc wizard
             ... wielding a +0 dagger
              (2 damage)
             ... on level 3 of the Dungeon.
             The game lasted 00:00:35 (1579 turns).

qw the Shooter (Gargoyle Hunter)                    Turns: 1579, Time: 00:00:35

Health: -1/28      AC:  8    Str: 15    XL:     4   Next: 71%
Magic:  4/4        EV: 11    Int:  9    God:
Gold:   75         SH:  0    Dex: 15    Spells: 3/3 levels left

rFire   . . .        Y - +0 shortbow
rCold   . . .        (shield currently unavailable)
rNeg    + . .        e - +0 ring mail
rPois   inf          (no helmet)
rElec   +            (no cloak)
rCorr   .            (no gloves)
SInv    .            (no boots)
Will    .....        (no amulet)
Stlth   +            (no ring)
HPRegen 0.24/turn    (no ring)
MPRegen 0.09/turn

%: no passive effects
@: no status effects
A: sickness immunity, AC +3, negative energy resistance 1, electricity
resistance, torment resistance 1, petrification resistance
a: no special abilities


You were on level 3 of the Dungeon.
You visited 1 branch of the dungeon, and saw 3 of its levels.

You collected 123 gold pieces.
You spent 48 gold pieces at shops.


Innate Abilities, Weirdness & Mutations

You are immune to sickness and miasma.
Your stone body is resilient. (AC +3)
You are immune to poison.
You resist negative energy. (rN+)
You are resistant to electric shocks. (rElec)
You are resistant to unholy torment.
You are immune to petrification.


   Skills:
 - Level 3.3 Fighting
 + Level 5.3 Ranged Weapons
 - Level 1.0 Armour
 - Level 1.5 Dodging
 - Level 1.1 Stealth


You had 3 spell levels left.
You didn't know any spells.
Your spell library was empty.

Inventory:

Hand Weapons
 Y - a +0 shortbow (weapon)
Armour
 e - a +0 ring mail (worn)
 k - a +0 cloak
Scrolls
 b - a scroll of brand weapon {unknown}
 d - a scroll of identify
Potions
 a - a potion of lignification {unknown}
 c - a potion of curing {unknown}
 f - a potion of heal wounds {unknown}
 g - a potion of berserk rage {unknown}
 h - 2 potions of degeneration {unknown}
 i - a potion of cancellation {unknown}
 j - a potion of haste {unknown}

Dungeon Overview and Level Annotations

Branches:
Dungeon (3/15)

Altars:

Shops:
D:1 *   D:2 ?


Message History

Reactivating autopickup.
The orc wizard gestures at you while chanting.
The magic dart hits you. The orc hits you but does no damage.
You shoot an arrow. The arrow misses the orc wizard.
The orc wizard closely misses you. The orc misses you.
You shoot an arrow.
The arrow closely misses the orc wizard.
The orc wizard barely misses you. The orc closely misses you.
You shoot an arrow. The arrow barely misses the orc wizard.
The orc wizard hits you with a +0 dagger.
The orc barely misses you.
You shoot an arrow. The arrow barely misses the orc wizard.
The orc wizard barely misses you. The orc hits you but does no damage.
The orc wizard misses you. The orc hits you but does no damage.
You shoot an arrow. The arrow hits the orc wizard.
The orc wizard is lightly wounded.
The orc wizard completely misses you. The orc barely misses you.
You shoot an arrow. The arrow barely misses the orc wizard.
The orc wizard casts a spell at you.
You are confused.
The orc hits you but does no damage. The orc wizard barely misses you.
The orc hits you but does no damage.
The orc wizard casts a spell.
The orc wizard flickers and vanishes!
Deactivating autopickup; reactivate with Ctrl-A.
The orc hits you with a +0 club. Something hits you but does no damage.
The orc hits you with a +0 club. Something hits you but does no damage.
The orc closely misses you.
You feel less confused. Something hits you but does no damage.
The orc hits you but does no damage.
You shoot an arrow.
The arrow hits the orc but does no damage.
Something hits you. The orc hits you with a +0 club.
You shoot an arrow. The arrow barely misses the orc.
Something hits you but does no damage. The orc hits you but does no damage.
You shoot an arrow. The arrow closely misses the orc.
You hear some strange, mumbled words.
A magic dart appears from out of thin air!
The magic dart hits you! The orc closely misses you. Something hits you.
You die...

... #.. #.# ##
#.. ... .. #..
#.##. .. #... #o
######....
#o##......#.#
#.#
#{@..######.#
#.#
#>..........#
#.#
.....#########.#
#.. ......
....###.#####.#
#####.
...............
#.
#######.###...#
#. #.# #...# #.
#.# #.#.. #.#
#.#.#


You could see 2 orcs.

Vanquished Creatures
  Jessica (D:2)
  2 adders (D:3)
  A worm (D:2)
  2 dart slugs
  An orc (D:3)
  A bat (D:1)
  6 endoplasms
  A giant cockroach (D:3)
  3 goblins
  5 hobgoblins
  3 jackals (D:1)
  6 kobolds
  4 quokkas
  3 ball pythons
  A frilled lizard (D:1)
  2 rats (D:1)
42 creatures vanquished.

Notes
Turn   | Place    | Note
-------+----------+-------------------------------------------
     0 | D:1      | qw the Gargoyle Hunter began the quest for the Orb.
     0 | D:1      | Reached XP level 1. HP: 12/12 MP: 1/1
     0 | D:1      | 0 ||| qw: Version: 0.3-a-83-gcd0e7d8
     0 | D:1      | 0 ||| qw: Game counter: 1395
     0 | D:1      | 0 ||| qw: Melee chars always use a shield: true
     0 | D:1      | 0 ||| qw: God list: Okawaru
     0 | D:1      | 0 ||| qw: Allow faded altars: false
     0 | D:1      | 0 ||| qw: Do Orc after clearing Dungeon:15 true
     0 | D:1      | 0 ||| qw: Do second Lair branch before Depths: true
     0 | D:1      | 0 ||| qw: Lair rune preference: random
     0 | D:1      | 0 ||| qw: Goals: Normal
     0 | D:1      | 0 ||| PLANNING D:1-11
    98 | D:1      | Reached XP level 2. HP: 17/17 MP: 2/2
   128 | D:1      | Found a faded altar of an unknown god.
   455 | D:1      | Found Qev Qeon's Assorted Antiques.
   464 | D:1      | 464 ||| SHOPLISTING brass ring (125 gold, have 29).
   464 | D:1      | 464 ||| BUYING bubbling emerald potion (22 gold).
   464 | D:1      | Bought a bubbling emerald potion for 22 gold pieces
   464 | D:1      | 464 ||| SHOPLISTING fuming amethyst potion (22 gold, have
                  | 7).
   464 | D:1      | 464 ||| SHOPLISTING green potion (22 gold, have 7).
   464 | D:1      | 464 ||| SHOPLISTING ring mail (100 gold, have 7).
   464 | D:1      | 464 ||| SHOPLISTING scroll labelled LECAOS TURIMAUMOU (25
                  | gold, have 7).
   464 | D:1      | 464 ||| SHOPLISTING short wooden wand (100 gold, have 7).
   577 | D:1      | Reached XP level 3. HP: 21/21 MP: 3/3
   580 | D:1      | Reached skill level 5 in Ranged Weapons
   702 | D:1      | 702 ||| READING 2 scrolls labelled INNETZ ORGHE.
   703 | D:1      | 703 ||| READING scroll labelled WUSSUL JAERCH.
   704 | D:1      | 704 ||| READING scroll labelled PUUBIG JOXAKHLOI.
   705 | D:1      | 705 ||| DROPPING scroll of fog.
   706 | D:1      | 706 ||| DROPPING scroll of butterflies.
   818 | D:2      | Found Ovvoull's Magic Scroll Boutique.
   824 | D:2      | 824 ||| SHOPLISTING scroll of acquirement (676 gold, have
                  | 27).
   824 | D:2      | 824 ||| SHOPLISTING scroll of brand weapon (123 gold, have
                  | 27).
   824 | D:2      | 824 ||| SHOPLISTING scroll of enchant armour (97 gold, have
                  | 27).
   824 | D:2      | 824 ||| BUYING scroll of identify (26 gold).
   824 | D:2      | Bought a scroll of identify for 26 gold pieces
   824 | D:2      | 824 ||| SHOPLISTING scroll of identify (26 gold, have 1).
   824 | D:2      | 824 ||| SHOPLISTING scroll of teleportation (39 gold, have
                  | 1).
   843 | D:2      | Noticed Jessica
   849 | D:2      | Killed Jessica
   850 | D:2      | Reached skill level 3 in Fighting
   850 | D:2      | Reached XP level 4. HP: 28/28 MP: 4/4
  1382 | D:2      | 1382 ||| UPGRADING to +0 ring mail.
  1392 | D:2      | 1392 ||| DROPPING +0 leather armour.
  1393 | D:2      | 1393 ||| READING scroll labelled OXYMNI JOMYOBB.
  1437 | D:3      | Reached skill level 1 in Armour
  1579 | D:3      | HP: 1/28 [something/magic dart (8)]
  1579 | D:3      | Slain by an orc wizard

Levels and vault maps discovered:
D:1:      lemuel_arrival_behind_the_door_small, layout_loops_ring, serial_shops,
          shop, ebering_ecumenical_altar_ruins, wad_floor_pattern_untrapped,
          nicolae_eternal_life, minmay_pentomino_t4
D:2:      layout_loops_ring, serial_shops, nicolae_shop_tiny_glass, uniq_jessica
D:3:      layout_basic, minmay_misc_feat_room

Skill      XL: |  1  2  3  4 |
---------------+-------------+-----
Ranged Weapons | 5 |  5.3
Fighting       | 3 |  3.3
Armour         | 1 |  1.0
Dodging        | |  1.5
Stealth        | |  1.1

Action                     |  1- 3 |  4- 6 || total
---------------------------+-------+-------++-------
   Fire: Shortbow          |    67 |    63 ||   130
    Use: Scroll            |     3 |     1 ||     4
 Armour: Leather armour    |     5 |     2 ||     7
         Ring mail         |       |    38 ||    38
  Dodge: Dodged            |     3 |    27 ||    30

Table legend:
 A = Non-vault XP
 B = Vault XP
 C = Vault XP percentage of total XP
 D = Non-vault monster count
 E = Vault monster count
 F = Vault count percentage of total count
                 A         B        C        D         E       F
            +---------+---------+-------+---------+---------+-------
      Total |      97 |      44 |  31.2 |      38 |       4 |   9.5
            +---------+---------+-------+---------+---------+-------
        D:1 |      32 |       7 |  17.9 |      18 |       3 |  14.3
        D:2 |      25 |      37 |  59.7 |      12 |       1 |   7.7
        D:3 |      40 |       0 |   0.0 |       8 |       0 |   0.0
            +---------+---------+-------+---------+---------+-------
